Elbereth, lawful female human Valkyrie ----- --------- |<..--- ------.......-- ------- |.....---|.........--..| |.....| ..|....|.---------|..| |.._..| -.|-.....---- ---- ..... ----- ........|--- ----- -|- |..%.| --.|....|..----...-- |.| |.G|.| -..|....|.....---- |.| |@.|.| |..|.............---.- ---|.. --......--- ...)......----- |.| |..... ..|.(.........---|.| --.. -...---......-|.| --...|.-- .. -....|... ......... ...`..... ....... ......- -...--- Elbereth the Fighter Experience level: 6 Strength: 15 Dexterity: 16 Constitution: 18 Intelligence: 9 Wisdom: 8 Charisma: 9 Health: 0(65) Energy: 16(16) Def: 5 Gold: 801 Moves: 2415 Dungeon seed: VA1cCOFhf4_utc8F Game ID: Elbereth_1607632414 Your Inventory: Coins $ - 801 gold pieces Weapons a - a blessed +1 long sword (weapon in hand) b - a +0 dagger d - a +0 orcish dagger s - 5 +0 daggers Armor e - an uncursed burnt +4 small shield (being worn) n - an uncursed +0 orcish helm (being worn) Comestibles c - an uncursed food ration i - 2 uncursed Maultasches o - 2 uncursed fortune cookies Scrolls l - an uncursed scroll of charging Rings f - an uncursed ring of stealth (on left hand) Tools k - a +0 pick-axe Spells and supernatural/magical abilities: Name Level Category Fail Memory W - pray for help -- divine ? -- Your skills at the end: Fighting Skills Weapon Skills dagger [Basic] long sword [Basic] Spellcasting Skills Final Attributes: You were piously aligned. You were cold resistant. You were stealthy. You are dead. Vanquished creatures: 2 gnome kings 7 gnome lords a gnomish wizard a rabid rat a giant bat an iguana an acid blob a giant rat 27 gnomes a gecko 3 jackals a fox 2 goblins a sewer rat 2 grid bugs 2 lichens 2 newts 56 creatures vanquished. Voluntary challenges: You were an atheist. You used a wielded weapon 104 times, starting on turn 75. You read items or engraved 4 times, starting on turn 208. You never genocided any monsters. You never polymorphed an object. You never changed form. You used no wishes. You never split a pudding. You never wrote Elbereth's name. You never violated your personal moral code. Dungeon overview: The Dungeons of Doom: levels 1 to 4 Level 1 a long staircase Level 2 Level 3 Level 4 stairs to The Gnomish Mines The Gnomish Mines: levels 5 to 8 Level 5 stairs to The Dungeons of Doom Level 6 Level 7 Level 8 <- You were here a temple to Odin History has recorded: On T:1 you entered the Dungeons of Doom to retrieve the Amulet of Yendor! On T:182 you reached level 2 of The Dungeons of Doom. On T:544 you reached level 3 of The Dungeons of Doom. On T:845 you advanced to experience level 2. On T:921 you reached level 4 of The Dungeons of Doom. On T:1201 you reached level 1 of The Gnomish Mines. On T:1212 you advanced to experience level 3. On T:1323 you advanced to experience level 4. On T:1633 you reached level 2 of The Gnomish Mines. On T:1684 you advanced to experience level 5. On T:2076 you reached level 3 of The Gnomish Mines. On T:2110 you advanced to experience level 6. On T:2186 you reached level 4 of The Gnomish Mines. Score breakdown: Gold: 801 ( 9878 points) Experience: 6 levels (12456 points) Exploration: 8 levels ( 17.39%) (11832 points) Discoveries: 6 items ( 2.44%) ( 4685 points) Valuables value: (no points given unless you survive) Artifact value: 0 ( 0 points) Variety of kills: 17 monsters ( 4.46%) ( 6336 points) Turncount: 2415 turns ( -279 points) Survival: died (score multiplied by 80%) Total score: 35926 Latest messages: WHAMMM!!! As you kick the door, it crashes open! You hit the gnome lord! You hit the gnome lord. The gnome lord hits! You hit the gnome lord! The gnome lord drinks an emerald potion! The gnome lord looks completely healed. You hit the gnome lord. You hit the gnome lord! The gnome lord hits! You hit the gnome lord. The gnome lord hits! You hit the gnome lord. (2x) The gnome lord hits! You kill the gnome lord! There is a broken door here. There are a few objects here. The gnome hits! (4x) You die... Final status: Farvel Elbereth the Valkyrie, killed by a gnome... You died in The Gnomish Mines on dungeon level 8 with 35926 points, and 801 pieces of gold, after 2415 moves. You were level 6 with a maximum of 65 hit points when you died.